AoeStats
← mauri90.hermosilla

Arena

509800802Analyzed
2v2 RM · 5d ago on Sep 28, 2026· 48m 41s· 4 players
Game mode
Random Map
Map size
Medium (4 player)
Population
200
Speed
Normal
Resources
Standard
Victory
Conquest
Starting age
Dark Age
Ending age
Imperial Age
RankedLock teamsTeams togetherTeam positionsShared explorationLock speedFull tech treeHidden civsTurbo modeCheats
Victory
Defeat
🇺🇸 Italians · United States
828
+16
🇨🇱 Spanish · Chile
762
+18
🇺🇸 Varangians · United States
852
-18
🇨🇴 Slavs · Colombia
802
-16
Jelling4
2:34 Loom
10:49 Feudal Age
11:38 Double-Bit Axe
11:34 Horse Collar
17:24 Castle Age
16:07 Scale Mail Armor
16:09 Gold Mining
17:07 Forging
17:26 Stone Mining
18:40 Gambesons
25:41 Squires
29:18 Fletching
29:29 Padded Archer Armor
28:59 Elite Skirmisher
32:01 Wheelbarrow
34:57 Imperial Age
33:18 Caravan
33:57 Vendel Legacy
34:54 Heavy Plow
36:11 Conscription
35:16 Gothikon
36:33 Capped Ram
37:36 Elite Jarl
38:54 Ballistics
39:34 Chemistry
40:20 Stone Shaft Mining
39:42 Treadmill Crane
39:36 Cavalier
40:27 Bloodlines
40:27 Scale Barding Armor
40:38 Chain Mail Armor
41:00 Iron Casting
40:40 Leather Archer Armor
40:22 Bodkin Arrow
41:33 Pikeman
JERIAS0945
5:20 Loom
11:43 Feudal Age
12:17 Double-Bit Axe
15:05 Horse Collar
20:47 Castle Age
18:49 Gold Mining
18:52 Stone Mining
20:43 Forging
23:57 Bow Saw
23:50 Heavy Plow
26:06 Wheelbarrow
26:25 Pikeman
27:06 Elite Skirmisher
28:11 Fletching
34:33 Imperial Age
32:11 Detinets
34:39 Scale Barding Armor
35:12 Ballistics
35:31 Iron Casting
36:59 Onager
39:10 Chemistry
41:50 Man-at-Arms
43:56 Halberdier
47:52 Blast Furnace
46:53 Scale Mail Armor
46:50 Bodkin Arrow
46:58 Long Swordsman
mauri90.hermosilla
11:03 Feudal Age
15:08 Castle Age
13:34 Stone Mining
22:33 Fervor
22:48 Double-Bit Axe
25:09 Bow Saw
26:15 Horse Collar
30:10 Heavy Plow
30:53 Wheelbarrow
30:10 Gold Mining
32:16 Husbandry
32:27 Bloodlines
32:36 Bloodlines
36:15 Imperial Age
34:48 Hand Cart
38:08 Cavalier
39:03 Forging
38:59 Scale Barding Armor
39:07 Masonry
40:29 Chemistry
40:36 Iron Casting
41:01 Conscription
41:11 Chain Barding Armor
45:24 Two-Man Saw
45:21 Plate Barding Armor
45:49 Blast Furnace
45:48 Ballistics
45:28 Fletching
45:42 Padded Archer Armor
45:08 Paladin
48:26 Pikeman
MGGM922
12:25 Feudal Age
13:56 Loom
16:52 Castle Age
15:38 Horse Collar
15:50 Double-Bit Axe
15:59 Gold Mining
16:08 Stone Mining
17:47 Bow Saw
17:39 Heavy Plow
19:44 Wheelbarrow
25:43 Hand Cart
25:13 Town Watch
26:22 Forging
26:04 Fletching
26:16 Padded Archer Armor
27:28 Scale Mail Armor
27:33 Scale Barding Armor
28:05 Iron Casting
27:34 Bodkin Arrow
28:09 Pikeman
29:10 Chain Mail Armor
29:11 Leather Archer Armor
34:31 Elite Skirmisher
35:18 Thumb Ring
35:35 Chain Barding Armor
34:38 Light Cavalry
35:28 Bloodlines
35:20 Husbandry
35:58 Fortified Wall
36:09 Ballistics
38:43 Imperial Age
37:55 Squires
40:24 Chemistry
40:26 Blast Furnace
39:57 Ring Archer Armor
39:27 Bracer
39:58 Plate Mail Armor
40:04 Plate Barding Armor
39:57 Conscription
39:04 Elite Genoese Crossbowman
40:08 Conscription
39:10 Elite Genoese Crossbowman
41:03 Hussar
48:50 Pirotechnia
Connection lost

Rejoining the realm…

Still unreachable

The connection could not be restored.

Session expired

The server has moved on; the page needs a fresh start.